 Dungeon Crawl Stone Soup version 0.23-a0-8-gb809bb7 (webtiles) character file.

26422 Kuinu the Warrior (level 12, -3/119 HPs)
             Began as a Pale Draconian Berserker on Aug 1, 2018.
             Was a High Priest of Trog.
             Slain by a six-headed hydra (10 damage)
             ... on level 1 of the Lair of Beasts.
             The game lasted 00:47:25 (12513 turns).

Kuinu the Warrior (Pale Draconian Berserker)       Turns: 12513, Time: 00:47:26

Health: -3/119     AC: 10    Str: 19    XL:     12   Next: 98%
Magic:  12/12      EV: 21    Int:  8    God:    Trog [*****.]
Gold:   1037       SH:  0    Dex: 18    Spells: 11/11 levels left

rFire    . . .     SeeInvis .   Q - +3 great sword
rCold    . . .     Gourm    .   (shield currently unavailable)
rNeg     . . .     Faith    .   (armour unavailable)
rPois    .         Spirit   .   (helmet restricted)
rElec    .         Reflect  .   y - +0 cloak
rCorr    .         Harm     .   (no gloves)
MR       ++...                  G - +0 pair of boots
Stlth    ++........             J - amulet of regeneration
HPRegen  1.69/turn              N - +2 ring of dexterity
MPRegen  0.13/turn              W - +2 ring of evasion

@: about to teleport, berserk cooldown, regenerating, slowed, very slow
A: breathe steam, unfitting armour, cold-blooded, AC +8
a: Breathe Steam, Berserk, Trog's Hand, Brothers in Arms, Renounce Religion


You were on level 1 of the Lair of Beasts.
You worshipped Trog.
Trog was extremely pleased with you.
You were hungry.

You visited 3 branches of the dungeon, and saw 15 of its levels.
You also visited: Bailey.

You collected 1037 gold pieces.

Inventory:

Hand Weapons
 m - a +2 dagger of freezing
 Q - a +3 great sword (weapon)
Missiles
 Y - 7 poisoned javelins (quivered)
Armour
 y - a +0 cloak (worn)
 G - a +0 pair of boots (worn)
Jewellery
 o - an uncursed ring of poison resistance
 q - an uncursed amulet of the acrobat
 J - an amulet of regeneration (around neck)
 N - a +2 ring of dexterity (left hand)
 P - an uncursed ring of resist corrosion
 V - an uncursed ring of see invisible
 W - a +2 ring of evasion (right hand)
 Z - an uncursed ring of flight
Wands
 f - a wand of digging (16)
 k - a wand of random effects (26)
 v - a wand of flame (31)
 w - a wand of disintegration (13)
 A - a wand of polymorph (7)
 C - a wand of enslavement (25)
 D - a wand of acid (12)
Scrolls
 a - a scroll of vulnerability {unknown}
 c - 4 scrolls of teleportation
 e - 2 scrolls of fog {unknown}
 g - 10 scrolls of remove curse
 i - 5 scrolls of random uselessness
 l - 3 scrolls of magic mapping {unknown}
 n - a scroll of immolation {unknown}
 r - 2 scrolls of amnesia {unknown}
 s - 3 scrolls of enchant weapon
 F - a scroll of enchant armour {unknown}
 K - a scroll of acquirement {unknown}
 L - a scroll of fear {unknown}
 M - 2 scrolls of blinking {unknown}
 S - 2 scrolls of identify
Potions
 h - 4 potions of heal wounds
 j - 2 potions of flight
 p - 4 potions of curing
 t - a potion of resistance
 u - 3 potions of berserk rage
 z - 2 potions of magic
 B - 2 potions of invisibility
 E - 2 potions of brilliance {unknown}
 H - a potion of lignification
 T - 2 potions of agility
 U - a potion of experience {unknown}
 X - 2 potions of might {unknown}
Miscellaneous
 d - a phantom mirror
Comestibles
 b - 26 rations
 R - 7 chunks of flesh


   Skills:
 * Level 15.0 Fighting
 * Level 13.9 Long Blades
 + Level 9.6 Dodging


You had 11 spell levels left.
You didn't know any spells.
Your spell library was empty.

Dungeon Overview and Level Annotations

Branches:
Dungeon (13/15)            Temple (1/1) D:6            Lair (1/6) D:11
    Orc (0/2) D:12
 Vaults: D:13-14

Altars:
Ashenzari
Cheibriados
Dithmenos
Elyvilon
Fedhas
Gozag
Hepliaklqana
Kikubaaqudgha
Makhleb
Nemelex Xobeh
Okawaru
Qazlal
Ru
Sif Muna
Trog
Uskayaw
Vehumet
Wu Jian
Xom
Yredelemnul
Zin
The Shining One
Beogh

Shops:
D:11 *   D:12 *   D:13 [

Annotations:
D:11 2 transporters, Nib's ghost, journeyman GnNe


Innate Abilities, Weirdness & Mutations

You can breathe blasts of scalding, opaque steam.
Your pale cyan-grey scales are hard. (AC +8)
You cannot fit into any form of body armour.
You are cold-blooded and may be slowed by cold attacks.


Message History

* * * LOW HITPOINT WARNING * * *
The six-headed hydra bites you!
* * * LOW HITPOINT WARNING * * *
The six-headed hydra misses you. The six-headed hydra bites you.
* * * LOW HITPOINT WARNING * * *
The six-headed hydra bites you!
* * * LOW HITPOINT WARNING * * *
The six-headed hydra bites you but does no damage.
You are too berserk!
You feel the effects of Trog's Hand fading.
You feel a strong urge to attack something.
You are no longer berserk.
Trog's vigour flows through your veins.
You are exhausted.
You feel yourself slow down.
As you read the scroll of teleportation, it crumbles to dust.
You feel strangely unstable.
The six-headed hydra bites you but does no damage.
The six-headed hydra bites you!
You die...

.........................
...#.###.##..............
....## #####.............
^..## #............
...#### .###..........###
.........................
.........#######..(..#.
..##..... ##...$.+ ###
..... #P@....# .....
##D....# .... #.....###
#)†...... #
......†††...... .#
.........####.#. ..
.........# .# #
.......... # ...........


You could see a six-headed hydra.

Vanquished Creatures
  A hydra (D:11)
  Harold (D:8)
  9 two-headed ogres
  Urug (D:11)
  4 unseen horrors
  3 orc knights
  A cyclops (D:11)
  Joseph (D:8)
  2 gargoyles (D:11)
  A centaur skeleton (D:11)
  2 ice devils (D:13)
  2 trolls
  4 blink frogs (Lair:1)
  Prince Ribbit (D:8)
  5 hippogriffs
  2 wyverns (D:9)
  18 yaks
  3 hogs (D:7)
  A human (D:7)
  3 hungry ghosts
  Grum (D:8)
  A basilisk (D:11)
  3 water moccasins
  A soldier ant (D:10)
  12 orc warriors
  2 ice beasts
  3 sky beasts
  2 black bears
  2 necrophages
  2 phantoms
  An eye of draining (D:13)
  2 wolves (D:8)
  4 ogres
  5 centaurs
  7 bullfrogs
  A big kobold (D:8)
  A wyvern skeleton (D:8)
  A scorpion (D:12)
  12 killer bees
  7 wights
  2 electric eels (D:12)
  A jelly (D:11)
  2 bullfrog zombies
  5 howler monkeys
  2 centaur zombies
  4 crimson imps
  11 orc priests
  4 hounds
  10 orc wizards
  4 bullfrog skeletons
  Natasha (thrice) (D:4)
  4 iguanas
  9 worker ants
  A killer bee zombie (D:5)
  3 hound zombies
  12 adders
  6 gnolls
  3 shadow imps
  An adder zombie (D:9)
  An adder skeleton (D:5)
  2 worms
  4 dart slugs
  2 leopard geckos (D:5)
  65 orcs
  4 giant cockroaches
  9 goblins
  3 hobgoblins
  4 jackals
  26 kobolds
  4 quokkas
  10 bats
  9 frilled lizards
  A jackal skeleton (D:4)
  A leopard gecko skeleton (D:7)
  A quokka skeleton (D:7)
  10 rats
378 creatures vanquished.

Vanquished Creatures (others)
  2 fungi (Lair:1)
  A plant (Lair:1)
3 creatures vanquished.

Grand Total: 381 creatures vanquished

Notes
Turn   | Place    | Note
-------+----------+-------------------------------------------
     0 | D:1      | Kuinu the Draconian Berserker began the quest for the Orb.
     0 | D:1      | Reached XP level 1. HP: 19/19 MP: 1/1
   164 | D:1      | Reached XP level 2. HP: 15/26 MP: 2/2
   688 | D:2      | Reached XP level 3. HP: 30/33 MP: 3/3
   694 | D:2      | Reached ** piety under Trog
   695 | D:2      | Reached skill level 4 in Fighting
   953 | D:2      | Found a burning altar of Makhleb.
   953 | D:2      | Found a shadowy altar of Dithmenos.
  1284 | D:2      | Reached XP level 4. HP: 40/40 MP: 4/4
  1509 | D:3      | Reached XP level 5. HP: 47/47 MP: 5/5
  1612 | D:3      | Found an iron altar of Okawaru.
  1619 | D:3      | Reached skill level 5 in Fighting
  1704 | D:3      | Reached *** piety under Trog
  2123 | D:4      | Received a gift from Trog
  2147 | D:4      | Reached XP level 6. HP: 47/56 MP: 6/6
  2189 | D:4      | Reached skill level 5 in Long Blades
  2449 | D:4      | Noticed Natasha
  2458 | D:4      | Killed Natasha
  2462 | D:4      | Reached skill level 6 in Fighting
  2882 | D:4      | Your scales start taking on a pale cyan-grey colour.
  2882 | D:4      | Reached XP level 7. HP: 62/63 MP: 7/7
  2927 | D:4      | Noticed Natasha
  2937 | D:4      | Killed Natasha
  3183 | D:4      | Noticed Natasha
  3192 | D:4      | Killed Natasha
  3454 | D:5      | Entered Level 5 of the Dungeon
  3772 | D:5      | Reached skill level 7 in Fighting
  4117 | D:5      | Found a white marble altar of Elyvilon.
  4344 | D:6      | Reached XP level 8. HP: 73/73 MP: 8/8
  4402 | D:6      | Found a snail-covered altar of Cheibriados.
  4928 | D:6      | Found a staircase to the Ecumenical Temple.
  4934 | Temple   | Entered the Ecumenical Temple
  5265 | D:6      | Received a gift from Trog
  5703 | D:6      | Reached skill level 8 in Fighting
  5703 | D:6      | Reached skill level 5 in Dodging
  5954 | D:7      | Reached XP level 9. HP: 31/82 MP: 9/9
  5970 | D:7      | Reached skill level 9 in Fighting
  6207 | D:7      | Found a shimmering altar of Xom.
  6503 | D:8      | Noticed Joseph
  6539 | D:8      | Killed Joseph
  6544 | D:8      | Reached skill level 10 in Fighting
  6551 | D:8      | Noticed a two-headed ogre
  6603 | D:8      | Killed a two-headed ogre
  6603 | D:8      | Reached XP level 10. HP: 57/94 MP: 10/10
  6734 | D:8      | Reached **** piety under Trog
  6844 | D:8      | Noticed Prince Ribbit
  6851 | D:8      | Noticed Grum
  6852 | D:8      | Reached skill level 10 in Long Blades
  6860 | D:8      | Killed Grum
  6869 | D:8      | Reached skill level 11 in Fighting
  6872 | D:8      | Killed Prince Ribbit
  7070 | D:8      | Noticed Harold
  7083 | D:8      | Killed Harold
  7482 | D:9      | Noticed a two-headed ogre
  7492 | D:9      | Killed a two-headed ogre
  7493 | D:9      | Reached skill level 12 in Fighting
  7557 | D:9      | Reached XP level 11. HP: 104/104 MP: 11/11
  7571 | D:9      | Noticed a two-headed ogre
  7578 | D:9      | Killed a two-headed ogre
  7762 | D:9      | Found a flagged portal.
  7771 | Bailey   | Entered a bailey
  7911 | Bailey   | Noticed an orc knight
  7934 | Bailey   | Killed an orc knight
  7965 | Bailey   | Found a burning altar of Makhleb.
  8009 | D:9      | Noticed a two-headed ogre
  8021 | D:9      | Killed a two-headed ogre
  8382 | D:10     | Entered Level 10 of the Dungeon
  8484 | D:10     | Noticed a two-headed ogre
  8500 | D:10     | Killed a two-headed ogre
  8661 | D:10     | Reached ***** piety under Trog
  9088 | D:11     | Found Roemitu's Pet Rocks.
  9090 | D:11     | Noticed a four-headed hydra
  9097 | D:11     | Killed a four-headed hydra
  9108 | D:11     | Reached skill level 13 in Fighting
  9141 | D:11     | Found a transporter.
  9318 | D:11     | Killed an unseen horror
  9347 | D:11     | Found a staircase to the Lair.
  9511 | D:11     | Found a transporter.
  9554 | D:11     | Noticed Nib's ghost (journeyman GnNe)
  9689 | D:11     | Noticed Urug
  9700 | D:11     | Killed Urug
  9717 | D:11     | Reached XP level 12. HP: 100/115 MP: 12/12
  9759 | D:11     | Noticed a two-headed ogre
  9764 | D:11     | Killed a two-headed ogre
  9995 | D:12     | Noticed a two-headed ogre
 10005 | D:12     | Killed a two-headed ogre
 10514 | D:12     | Reached skill level 14 in Fighting
 10620 | D:12     | Found Guehell's Serpentskin Sales.
 10627 | D:12     | Received a gift from Trog
 10699 | D:12     | Noticed a two-headed ogre
 10713 | D:12     | Killed a two-headed ogre
 10715 | D:12     | Found a roughly hewn altar of Beogh.
 10715 | D:12     | Found a staircase to the Orcish Mines.
 11368 | D:13     | Noticed a two-headed ogre
 11377 | D:13     | Killed a two-headed ogre
 11399 | D:13     | Found Moargh's Antique Armour Shop.
 11567 | D:13     | Found a frozen archway.
 11579 | D:13     | HP: 3/118 [ice devil (10)]
 12227 | Lair:1   | Entered Level 1 of the Lair of Beasts
 12488 | Lair:1   | Noticed a five-headed hydra
 12500 | Lair:1   | Received a gift from Trog
 12507 | Lair:1   | Reached skill level 15 in Fighting
 12510 | Lair:1   | HP: 3/178 [six-headed hydra (17)]
 12513 | Lair:1   | Slain by a six-headed hydra

Vault maps used:
D:1:      lightli_arrival_lavapool
D:2:      kennysheep_big_flooded_room, gammafunk_temple_overflow_pools
D:3:      okawaru_metal_pillars_1_2, minmay_statues_item
D:4:      kennysheep_windowed_goal, uniq_natasha
D:5:      first_ration, elyvilon_altar_5
D:6:      kennysheep_mini, minmay_temple_entry_enclosed_plants,
          patterned_corridor
D:7:      grunt_livestock, xom_teletrap_fun
D:8:      uniq_prince_ribbit1, uniq_joseph, uniq_harold, uniq_grum
D:9:      enter_bailey_3
D:11:     lair_entry_dummy, gammafunk_ghost_mausoleum, guppyfry_shop_earth,
          uniq_urug
D:12:     david_orc_5, guppyfry_shop_venom
D:13:     serial_shops, nicolae_shop_crystal, portal_ice_cave_demonic_guard
Temple:   dpeg_five_rooms_temple
Lair:1:   grunt_megastairs_2, lemuel_fruit_tree
Bailey:   bailey_axe_3, bailey

Skill      XL: |  1  2  3  4  5  6  7  8  9 10 11 12 |
---------------+-------------------------------------+-----
Dodging        | 3 4 5 6 7 8 9 |  9.6
Fighting       | 4 5 6 7 8 10 12 13 15 | 15.0
Long Blades    | 4 5 6 8 9 11 12 13 | 13.9

Action                   |  1- 3 |  4- 6 |  7- 9 | 10-12 || total
-------------------------+-------+-------+-------+-------++-------
Melee: Dagger            |   127 |   143 |   382 |   469 ||  1121
       Falchion          |     5 |       |       |       ||     5
       Tailslap          |    17 |    22 |    62 |   146 ||   247
       Great sword       |       |       |       |   219 ||   219
       Morningstar       |       |       |       |    16 ||    16
Throw: Javelin           |       |       |       |     8 ||     8
       Tomahawk          |       |       |       |    17 ||    17
Invok: Berserk           |     1 |     4 |     5 |    15 ||    25
       Trog's Hand       |       |     1 |     7 |    16 ||    24
 Abil: Breathe Steam     |       |       |    10 |    56 ||    66
  Use: Scroll            |       |     9 |     2 |     9 ||    20
       Potion            |       |       |     1 |     5 ||     6
 Stab: Sleeping          |     2 |     1 |     1 |     1 ||     5
       Distracted        |       |       |       |     2 ||     2
  Eat: Chunk             |     2 |     7 |    22 |    40 ||    71
       Ration            |       |       |       |     2 ||     2
Armor: Skin              |    45 |    30 |    67 |   159 ||   301
Dodge: Dodged            |    65 |    89 |   254 |   730 ||  1138
       Rpst.: Falchion   |     2 |       |       |       ||     2
       Great sword       |       |       |       |    65 ||    65

Table legend:
 A = Spawn XP
 B = Non-spawn XP
 C = Spawn XP percentage of total XP
 D = Spawn monster count
 E = Non-spawn monster count
 F = Spawn count percentage of total count
 G = Total turns spent on level
                    A         B        C        D         E        F      G
               +---------+---------+-------+---------+---------+-------+---------
         Total |       0 |   37746 |   0.0 |       0 |     378 |   0.0 | 12513
               +---------+---------+-------+---------+---------+-------+---------
           D:1 |       0 |      27 |   0.0 |       0 |      16 |   0.0 |   613
           D:2 |       0 |      77 |   0.0 |       0 |      26 |   0.0 |   713
           D:3 |       0 |     199 |   0.0 |       0 |      29 |   0.0 |   736
           D:4 |       0 |     578 |   0.0 |       0 |      19 |   0.0 |  1594
           D:5 |       0 |     469 |   0.0 |       0 |      24 |   0.0 |   673
           D:6 |       0 |     722 |   0.0 |       0 |      15 |   0.0 |  1212
           D:7 |       0 |    1736 |   0.0 |       0 |      26 |   0.0 |   640
           D:8 |       0 |    5174 |   0.0 |       0 |      39 |   0.0 |   744
           D:9 |       0 |    4168 |   0.0 |       0 |      28 |   0.0 |   967
          D:10 |       0 |    2255 |   0.0 |       0 |      23 |   0.0 |   703
          D:11 |       0 |    6842 |   0.0 |       0 |      39 |   0.0 |   882
          D:12 |       0 |    6839 |   0.0 |       0 |      45 |   0.0 |  1335
          D:13 |       0 |    3128 |   0.0 |       0 |      11 |   0.0 |   925
        Lair:1 |       0 |    4661 |   0.0 |       0 |      22 |   0.0 |   286
        Bailey |       0 |     871 |   0.0 |       0 |      16 |   0.0 |   220
               +---------+---------+-------+---------+---------+-------+---------
